 Dungeon Crawl Stone Soup version 0.30.0-5-g1a98f26d00 (webtiles) character file.

Game seed: 2713056984033365206

18 Pimp the Insei (level 2, -5/21 HPs)
             Began as a Demonspawn Transmuter on May 8, 2023.
             Slain by Natasha (6 damage)
             ... on level 2 of the Dungeon.
             The game lasted 00:01:14 (988 turns).

Pimp the Insei (Demonspawn Transmuter)               Turns: 988, Time: 00:01:15

Health: -5/21      AC:  2    Str: 10    XL:     2   Next: 48%
Magic:  4/5        EV: 12    Int: 14    God:
Gold:   49         SH:  0    Dex: 13    Spells: 4/5 levels left

rFire   . .          .
                       - Unarmed
rCold   . . .        (no shield)
rNeg    . . .        a - +0 robe
rPois   .            (helmet currently unavailable)
rElec   .            (no cloak)
rCorr   .            (no gloves)
SInv    .            (boots currently unavailable)
Will    .....        (no amulet)
Stlth   +            (no ring)
HPRegen 0.23/turn    (no ring)
MPRegen 0.09/turn

%: no passive effects
@: appendages (expiring)
A: horns 2, talons 2, claws 1
a: End Transformation


You were on level 2 of the Dungeon.
You had temporarily grown beastly horns and talons.
You visited 1 branch of the dungeon, and saw 2 of its levels.

You collected 49 gold pieces.

Inventory:

Armour
 a - a +0 robe (worn)
Jewellery
 c - a ring of ice
 e - a +4 ring of slaying
Scrolls
 d - 4 scrolls of identify
 g - a scroll of amnesia
 h - a scroll of summoning
 i - a scroll of teleportation {unknown}
Potions
 b - a potion of lignification
 f - 3 potions of heal wounds


   Skills:
 + Level 1.4 Fighting
 + Level 2.0 Dodging
 * Level 3.0 Unarmed Combat
 + Level 2.1 Spellcasting
 + Level 2.0 Transmutations


You had 4 spell levels left.
You knew the following spells:

 Your Spells              Type           Power      Damage    Failure   Level
a - Beastly Appendage     Tmut           14%        N/A       11%         1

Your spell library contained the following spells:

 Spells                   Type           Power      Damage    Failure   Level
 Wereblood                Tmut           7%         N/A       16%         2
 Spider Form              Tmut/Pois      4%         N/A       43%         3
 Ice Form                 Ice/Tmut       4%         N/A       83%         4


Dungeon Overview and Level Annotations

Branches:
Dungeon (2/15)

Altars:
Qazlal

Annotations:
D:2 Natasha


Innate Abilities, Weirdness & Mutations

You have temporarily grown beastly horns and talons.
You have sharp fingernails.


Message History

You kill the goblin!
Things that are here:
a +0 dagger; a goblin corpse
d - 3 scrolls of identify (gained 1)
Found an escape hatch in the floor.
Found a stone staircase leading up.
You now have 40 gold pieces (gained 6).
Found a faded altar of an unknown god.
Found a stone staircase leading down.
Found a stormy altar of Qazlal.
Found a stone staircase leading up.
There is a stone staircase leading down here.
You now have 49 gold pieces (gained 9).
Found 4 stones.
d - 4 scrolls of identify (gained 1) Natasha, Servant of Life and Death comes into view.
Found 15 gold pieces.
Natasha hisses angrily.
Natasha mumbles some strange words.
Natasha mewls in sadness.
Casting: Beastly Appendage (safe; 11% risk of failure)
Confirm with . or Enter, or press ? or * to list all spells.
You grow a pair of large bovine horns.
Your feet morph into talons.
Natasha claws you.
You scratch Natasha.
Natasha is moderately wounded.
The cerulean imp hits you from afar with a +1 spear.
Natasha claws you.
You barely miss Natasha. Your headbutt misses Natasha.
Natasha is moderately wounded.
The cerulean imp hits you from afar with a +1 spear.
Natasha claws you.
* * * LOW HITPOINT WARNING * * *
You scratch Natasha.
Natasha is heavily wounded.
Your transformation is almost over.
The cerulean imp barely misses you.
Natasha howls an incantation.
Natasha's front paws start to glow.
Natasha claws you.
You die...

..... ..... #...
#... # #(.# $#
#.####..##..#
#........5..##.
#.@h......
#.####.##. #.#
###############.#
................#
....##........###
######
_...##..#####.#
#.<...
....###.#...#.#
#.#### ....#
#.#._.#.# #.#


You could see Natasha and a cerulean imp (summoned).

Vanquished Creatures
  2 dart slugs
  An endoplasm (D:1)
  A goblin (D:2)
  4 jackals (D:2)
  2 ball pythons (D:1)
  2 bats (D:1)
  A kobold (D:1)
  A rat (D:1)
14 creatures vanquished.

Notes
Turn   | Place    | Note
-------+----------+-------------------------------------------
     0 | D:1      | Pimp the Demonspawn Transmuter began the quest for the Orb.
     0 | D:1      | Reached XP level 1. HP: 15/15 MP: 3/3
   590 | D:1      | Discovered your monstrous ancestry.
   590 | D:1      | Gained mutation: You have sharp fingernails. [demonic
                  | ancestry]
   590 | D:1      | Reached XP level 2. HP: 20/21 MP: 5/5
   844 | D:2      | Reached skill level 3 in Unarmed Combat
   950 | D:2      | Found a faded altar of an unknown god.
   959 | D:2      | Found a stormy altar of Qazlal.
   983 | D:2      | Noticed Natasha
   987 | D:2      | HP: 1/21 [Natasha (6)]
   988 | D:2      | Slain by Natasha

Illustrated notes

Levels and vault maps discovered:
D:1:      matt_arrival_refuge, layout_basic, minmay_misc_feat_alley
D:2:      layout_loops_ring, basic_altar, nicolae_ecumenical_oubliette,
          uniq_jessica, uniq_natasha, uniq_crazy_yiuf_cottage

Skill      XL: |  1  2 |
---------------+-------+-----
Transmutations | 2 |  2.0
Dodging        | 2 |  2.0
Unarmed Combat | 3 |  3.0
Fighting       | |  1.4
Spellcasting   | |  2.1

Action                     || total
---------------------------++-------
  Melee: Unarmed           ||    43
         Headbutt          ||     3
         Kick              ||     6
         Punch             ||     1
   Cast: Beastly Appendage ||     7
    Use: Scroll            ||     3
 Armour: Robe              ||     5
  Dodge: Dodged            ||    32
